 Dungeon Crawl Stone Soup version 0.29.1-12-g30fa7ad0bf (webtiles) character file.

Game seed: 18239100762027382872

56 suipiss the Trooper (level 3, 0/43 HPs)
             Began as a Demonspawn Abyssal Knight on Dec 31, 2022.
             Was a Believer of Lugonu.
             Slain by Ijyb
             ... wielding a +0 club
              (4 damage)
             ... on level 3 of the Dungeon.
             The game lasted 00:02:29 (1878 turns).

suipiss the Trooper (Demonspawn Abyssal Knight)     Turns: 1878, Time: 00:02:30

Health: 0/43       AC: 13    Str: 15    XL:     3   Next: 71%
Magic:  5/5        EV:  2    Int: 11    God:    Lugonu [**....]
Gold:   71         SH:  0    Dex: 13    Spells: 2/2 levels left

rFire   . . .      SeeInvis .   a - +1 spear
rCold   . . .      Faith    .   (no shield)
rNeg    . . .      Spirit   .   (body armour currently unavailable)
rPois   +          Reflect  .   (helmet currently unavailable)
rElec   .          Harm     .   (cloak currently unavailable)
rCorr   .          Rampage  .   (gloves currently unavailable)
Will    .....      NoTele   +   (boots currently unavailable)
Stlth   +.........              (no amulet)
HPRegen 0.14/turn               (no ring)
MPRegen 0.09/turn               (no ring)

@: brilliant, agile, tree-form, corroded
A: stationary, stasis, torment immunity, boosted hp, rugged brown scales 1,
powered by pain 1
a: Renounce Religion, Depart the Abyss, Bend Space


You were on level 3 of the Dungeon.
You worshipped Lugonu.
Lugonu was pleased with you.
You were a tree.
You visited 1 branch of the dungeon, and saw 3 of its levels.
You visited the Abyss 1 time.

You collected 71 gold pieces.

Inventory:

Hand Weapons
 a - a +1 spear (weapon)
Armour
 b - a +0 leather armour
 g - a +0 ring mail (melded)
Jewellery
 i - a ring of willpower
Scrolls
 c - 2 scrolls of vulnerability {unknown}
 d - 3 scrolls of identify {unknown}
 f - 2 scrolls of poison {unknown}
 k - 4 scrolls of silence {unknown}


   Skills:
 + Level 3.5 Fighting
 + Level 2.2 Polearms
 * Level 2.2 Armour
 * Level 1.4 Dodging
 + Level 0.4 Shields
 + Level 2.9 Invocations


You had 2 spell levels left.
You didn't know any spells.
Your spell library contained the following spells:

 Spells                   Type           Power      Damage    Failure   Level
 Conjure Flame            Conj/Fire      0%         6-21      71%         3
 Ignite Poison            Fire/Tmut/Pois 0%         N/A       71%         3
 Hailstorm                Conj/Ice       0%         3d3       98%         4
 Ice Form                 Ice/Tmut       0%         N/A       98%         4
 Sticky Flame             Conj/Fire      0%         2d3       98%         4
 Simulacrum               Ice/Necr       0%         N/A       100%        6


Dungeon Overview and Level Annotations

Branches:
Dungeon (3/15)

Altars:
Xom

Annotations:
D:3 Ijyb


Innate Abilities, Weirdness & Mutations

You are a tree.
Your roots penetrate the ground, keeping you stationary.
You cannot be teleported.
You are immune to unholy pain and torment.
Your maximum health is greatly increased.
Your equipment is partially melded.
(You are partially covered in rugged brown scales. (AC +1, +3% HP))
You sometimes gain a little power by taking damage.


Message History

You completely miss Ijyb.
Ijyb zaps a wand.
The bolt of acid hits you!
* * * LOW HITPOINT WARNING * * *
The acid corrodes you!
You closely miss Ijyb. Ijyb hits you but does no damage.
You hit Ijyb.
Ijyb is lightly wounded.
You closely miss Ijyb.
Ijyb is lightly wounded.
Ijyb barely misses you.
You aren't carrying any items that you can evoke.
Okay, then.
You hit Ijyb but do no damage.
Ijyb is lightly wounded.
Ijyb zaps a wand.
The bolt of acid hits you but does no damage.
The acid corrodes you!
The now-empty wand crumbles to dust.
You completely miss Ijyb.
Ijyb is lightly wounded.
Ijyb hits you but does no damage.
You hit Ijyb but do no damage.
Ijyb is lightly wounded.
Ijyb hits you but does no damage.
Press: ? - help, v - describe, . - travel
Here: Ijyb, wielding a +0 club and wearing a +0 ring mail (lightly wounded)
The floor, spattered with blood.
Okay, then.
You closely miss Ijyb.
Ijyb is lightly wounded.
Ijyb barely misses you.
You hit Ijyb but do no damage.
Ijyb is lightly wounded.
Ijyb hits you but does no damage.
You hit Ijyb but do no damage.
Ijyb is lightly wounded.
Ijyb hits you with a +0 club.
* * * LOW HITPOINT WARNING * * *
You hit Ijyb but do no damage.
Ijyb is lightly wounded.
Ijyb hits you with a +0 club.
You die...

### ..# # #.#
#
###.####.##.#
....#.......#
#.....<#
####.g...#
#.....♣..#
#.#..†........
#.....######
+.....#
#.....#
.......
#.##.#.# #. ..
>.


You could see Ijyb.

Vanquished Creatures
  A hound (D:2)
  2 endoplasms (D:1)
  A giant cockroach (D:2)
  4 goblins
  2 hobgoblins (D:2)
  2 kobolds (D:1)
  2 quokkas
  2 ball pythons (D:1)
  3 bats (D:1)
  A frilled lizard (D:1)
  2 rats (D:1)
22 creatures vanquished.

Notes
Turn   | Place    | Note
-------+----------+-------------------------------------------
     0 | Abyss:1  | suipiss the Demonspawn Abyssal Knight began the quest for
                  | the Orb.
     0 | Abyss:1  | Reached XP level 1. HP: 18/18 MP: 2/2
     8 | Abyss:1  | Noticed a large abomination
    19 | D:1      | Escaped the Abyss
    77 | D:1      | Found a faded altar of an unknown god.
   376 | D:1      | Gained mutation: You sometimes gain a little power by
                  | taking damage. [demonic ancestry]
   376 | D:1      | Reached XP level 2. HP: 24/24 MP: 3/3
   622 | D:1      | Reached skill level 1 in Dodging
  1333 | D:2      | Found a shimmering altar of Xom.
  1413 | D:2      | Gained mutation: You are partially covered in rugged brown
                  | scales. (AC +1, +3% HP) [demonic ancestry]
  1413 | D:2      | Reached XP level 3. HP: 13/29 MP: 5/5
  1856 | D:3      | Noticed Ijyb
  1860 | D:3      | HP: 1/29 [Ijyb/bolt of acid (17)]
  1878 | D:3      | Slain by Ijyb

Illustrated notes

Levels and vault maps discovered:
D:1:      evilmike_arrival_crescent, layout_basic,
          shapermc_ecumenical_altar_pompeii
D:2:      layout_loops_ring, basic_altar, amcnicky_mini_rare_corridor_liquid,
          minivault_23
D:3:      cheibrodos_fertilizer, layout_basic, mainiacjoe_overflow_boulevard,
          pdpol_wu_jian_five_deadly_venoms, serial_shops, nicolae_diamond_shop,
          minivault_5, grunt_ministairs_2, uniq_ijyb

Skill      XL: |  1  2 |
---------------+-------+-----
Polearms       | 2 |  2.2
Dodging        | 1 |  1.4
Armour         | 2 |  2.2
Fighting       | |  3.5
Shields        | |  0.4
Invocations    | |  2.9

Action                   || total
-------------------------++-------
Melee: Spear             ||   113
       Punch             ||     1
  Use: Potion            ||     4
 Stab: Sleeping          ||     2
Armor: Leather armour    ||     5
       Ring mail         ||    24
       Skin              ||    10
Dodge: Dodged            ||    47
